 Dungeon Crawl Stone Soup version 0.19.5 (webtiles) character file.

436 Peloso the Covered (level 6, -3/55 HPs)
             Began as a Minotaur Fighter on Mar 11, 2017.
             Was an Initiate of Okawaru.
             Slain by an orc warrior
             ... wielding a +0 scimitar
              (15 damage)
             ... on level 6 of the Dungeon.
             The game lasted 00:07:34 (3840 turns).

Peloso the Covered (Minotaur Fighter)               Turns: 3840, Time: 00:07:34

Health: -3/55      AC: 12    Str: 25    XL:     6   Next: 69%
Magic:  5/5        EV:  7    Int:  5    God:    Okawaru [......]
Gold:   340        SH: 10    Dex: 12    Spells: 0 memorised, 5 levels left

rFire  . . .     SeeInvis .     a - +0 long sword
rCold  . . .     Gourm    .     r - +0 chain mail
rNeg   . . .     Faith    .     c - +0 shield
rPois  +         Spirit   .     (helmet restricted)
rElec  .         Reflect  .     F - +1 cloak
rCorr  .         Harm     .     (no gloves)
MR     .....                    (no boots)
Stlth  ..........               b - amulet of magic regeneration
                                i - ring of poison resistance
                                x - ring of stealth

@: mighty
A: retaliatory headbutt, horns 2
a: Renounce Religion


You were on level 6 of the Dungeon.
You worshipped Okawaru.
Okawaru was noncommittal.
You were hungry.

You visited 2 branches of the dungeon, and saw 7 of its levels.

You collected 340 gold pieces.

Inventory:

Hand Weapons
 a - a +0 long sword (weapon)
Armour
 c - a +0 shield (worn)
 r - a +0 chain mail (worn)
 F - a +1 cloak (worn)
Jewellery
 b - an amulet of magic regeneration (around neck)
 i - a ring of poison resistance (right hand)
 o - an uncursed amulet of rage
 x - a ring of stealth (left hand)
 B - an uncursed ring of fire
Scrolls
 g - 2 scrolls of teleportation
 j - a scroll of identify
 k - a scroll of random uselessness {unknown}
 m - 3 scrolls of amnesia {unknown}
 n - a scroll of enchant weapon {unknown}
 t - 3 scrolls of remove curse {unknown}
 u - 3 scrolls of recharging {unknown}
 v - a scroll of noise {unknown}
 y - 2 scrolls of fear {unknown}
 D - a scroll of enchant armour {unknown}
Potions
 d - 3 potions of might
 e - a potion of brilliance
 h - 2 potions of heal wounds
 l - 2 potions of degeneration {unknown}
 q - 4 potions of flight {unknown}
 s - 2 potions of cure mutation {unknown}
 w - a potion of berserk rage {unknown}
 z - a potion of beneficial mutation {unknown}
 C - 3 potions of lignification {unknown}
Comestibles
 f - 3 bread rations
 p - 5 meat rations


   Skills:
 + Level 4.9 Fighting
 + Level 5.1 Long Blades
 + Level 5.4 Armour
 + Level 1.3 Dodging
 + Level 0.3 Stealth
 + Level 5.4 Shields


You had 5 spell levels left.
You didn't know any spells.

Dungeon Overview and Level Annotations

Branches:
Dungeon (6/15)             Temple (1/1) D:4

Altars:
Cheibriados
Fedhas
Okawaru
Qazlal
Ru
Sif Muna
Xom
Zin

Shops:
D:4 (   D:5 %

Annotations:
D:6 Eustachio


Innate Abilities, Weirdness & Mutations

You reflexively headbutt those who attack you in melee.
You have a pair of horns on your head.


Message History

You start eating the slice of pizza.
You block the orc warrior's attack.
Eustachio screams, "This atrocity can only be purified with blood!"
Eustachio gestures wildly while chanting.
You are feeling hungry.
Mmm...
Chicken.
You feel very mighty all of a sudden.
The orc warrior hits you with a scimitar.
The orc priest mumbles some strange prayers to Beogh against you.
Beogh smites you!
* * * LOW HITPOINT WARNING * * *
Eustachio gestures wildly while chanting.
You hit the orc warrior.
The orc warrior is moderately wounded.
The orc warrior hits you but does no damage.
The orc priest miscasts a cantrip.
You hit the orc warrior but do no damage.
You headbutt the orc warrior.
The orc warrior is heavily wounded.
The orc warrior hits you with a scimitar!
You die...

#......o.
##......
.....
#r@# #o#
#o# #o#
#o# #@#
#.# ##.#
#..# #.##
#.# #.#
#(# #.#


You could see Eustachio, an orc warrior, an orc priest, 2 orcs and a rat.

Vanquished Creatures
  2 phantoms
  A crimson imp (D:5)
  A hound (D:4)
  An orc wizard (D:4)
  4 gnolls (D:3)
  4 adders
  2 shadow imps (D:5)
  2 worms
  3 leopard geckos
  6 orcs
  2 ball pythons
  9 bats
  5 giant cockroaches
  5 goblins
  7 hobgoblins
  3 jackals (D:4)
  2 quokkas (D:3)
  5 frilled lizards
  9 kobolds
  10 rats
83 creatures vanquished.

Notes
Turn   | Place    | Note
-------+----------+-------------------------------------------
     0 | D:1      | Peloso the Minotaur Fighter began the quest for the Orb.
     0 | D:1      | Reached XP level 1. HP: 19/19 MP: 0/0
   125 | D:1      | Reached XP level 2. HP: 17/27 MP: 1/1
   707 | D:2      | Reached XP level 3. HP: 20/33 MP: 2/2
   782 | D:2      | Found a sacrificial altar of Ru.
  1049 | D:2      | Found a faded altar of an unknown god.
  1453 | D:3      | Reached XP level 4. HP: 21/40 MP: 3/3
  2046 | D:3      | Found a deep blue altar of Sif Muna.
  2431 | D:4      | Reached XP level 5. HP: 45/47 MP: 4/4
  2533 | D:4      | Found a staircase to the Ecumenical Temple.
  2548 | Temple   | Entered the Ecumenical Temple
  2570 | Temple   | Became a worshipper of Warmaster Okawaru
  2620 | D:4      | Found Kavul's Weapon Shop.
  2685 | D:4      | Reached skill level 1 in Dodging
  3052 | D:4      | Noticed a phantom
  3075 | D:4      | Killed a phantom
  3075 | D:4      | Reached skill level 5 in Armour
  3075 | D:4      | Reached skill level 5 in Shields
  3075 | D:4      | Reached XP level 6. HP: 44/55 MP: 5/5
  3199 | D:5      | Entered Level 5 of the Dungeon
  3547 | D:5      | Reached * piety under Okawaru
  3547 | D:5      | Reached skill level 5 in Long Blades
  3587 | D:5      | Found Naisin's Food Shop.
  3816 | D:6      | Noticed an orc warrior
  3832 | D:6      | Noticed Eustachio
  3840 | D:6      | Slain by an orc warrior

Skill      XL: |  1  2  3  4  5  6 |
---------------+-------------------+-----
Armour         | 4 5 |  5.4
Fighting       | 4 |  4.9
Shields        | 4 5 |  5.4
Long Blades    | 3 4 5 |  5.1
Dodging        | 1 |  1.3
Stealth        | |  0.3

Action                   |  1- 3 |  4- 6 || total
-------------------------+-------+-------++-------
Melee: Long sword        |   112 |   144 ||   256
       Headbutt          |    14 |    29 ||    43
Invok: Heroism           |       |     1 ||     1
  Use: Scroll            |       |     4 ||     4
       Potion            |       |     1 ||     1
  Eat: Pizza             |       |     2 ||     2
       Royal jelly       |       |     1 ||     1
       Chunk             |       |     4 ||     4
Armor: Scale mail        |    50 |       ||    50
       Chain mail        |     9 |    74 ||    83
Dodge: Dodged            |    44 |    34 ||    78
Block: Shield            |    83 |    85 ||   168
       Rpst.: Long sword |    14 |     8 ||    22
